AoeStats
← centsand

Hideout

507833626Analyzed
1v1 RM · 14d ago on Sep 19, 2026· 47m 29s· 2 players
Game mode
Random Map
Map size
Tiny (2 player)
Population
200
Speed
Normal
Resources
Standard
Victory
Conquest
Starting age
Dark Age
Ending age
Imperial Age
RankedLock teamsTeams togetherTeam positionsShared explorationLock speedFull tech treeHidden civsTurbo modeCheats
Victory
Defeat
🇨🇱 Chinese · Chile
469
+18
🇨🇦 Berbers · Canada
522
-20
patricio.rojas.jamett
10:31 Feudal Age
11:16 Double-Bit Axe
13:36 Horse Collar
20:57 Castle Age
23:06 Scale Barding Armor
23:20 Bow Saw
23:15 Heavy Plow
23:24 Gold Mining
24:07 Fletching
26:37 Wheelbarrow
29:02 Town Watch
30:02 Gold Shaft Mining
29:50 Hand Cart
31:26 Bodkin Arrow
33:06 Ballistics
35:42 Imperial Age
33:22 Padded Archer Armor
34:09 Elite Skirmisher
35:19 Stone Mining
35:54 Leather Archer Armor
36:21 Murder Holes
37:28 Chemistry
36:42 Heavy Cavalry Archer
38:45 Ring Archer Armor
38:17 Bracer
45:22 Forging
45:14 Scale Mail Armor
45:40 Elite Fire Lancer
centsand
11:30 Feudal Age
11:56 Double-Bit Axe
11:52 Horse Collar
19:13 Wheelbarrow
18:35 Gold Mining
23:43 Castle Age
22:42 Fletching
22:52 Padded Archer Armor
22:48 Stone Mining
25:12 Hand Cart
25:04 Heavy Plow
25:16 Bow Saw
25:45 Gold Shaft Mining
28:30 Town Watch
30:40 Bodkin Arrow
31:01 Leather Archer Armor
33:48 Atonement
34:11 Fervor
34:55 Ballistics
34:49 Murder Holes
34:46 Treadmill Crane
35:56 Town Patrol
37:06 Kasbah
40:44 Imperial Age
42:39 Bracer
43:10 Ring Archer Armor
44:15 Elite Genitour
Connection lost

Rejoining the realm…

Still unreachable

The connection could not be restored.

Session expired

The server has moved on; the page needs a fresh start.